 Dungeon Crawl Stone Soup version 0.29-a0-275-g389c0b56f3 (webtiles) character file.

Game seed: 8649884414056388958

8 Ordine the Slasher (level 2, -1/17 HPs)
             Began as a Tengu Warper on Mar 9, 2022.
             Slain by an endoplasm (3 damage)
             ... on level 1 of the Dungeon.
             The game lasted 00:00:38 (94 turns).

Ordine the Slasher (Tengu Warper)                     Turns: 94, Time: 00:00:39

Health: -1/17      AC:  3    Str: 11    XL:     2   Next: 8%
Magic:  6/6        EV: 11    Int: 13    God:
Gold:   22         SH:  0    Dex: 13    Spells: 5/5 levels left

rFire   . . .      SeeInvis .   a - +0 falchion
rCold   . . .      Faith    .   (no shield)
rNeg    . . .      Spirit   .   b - +0 leather armour
rPois   .          Reflect  .   (helmet restricted)
rElec   .          Harm     .   (no cloak)
rCorr   .          Rampage  .   (no gloves)
Will    .....                   (boots unavailable)
Stlth   +.........              (no amulet)
HPRegen 0.05/turn               (no ring)
MPRegen 0.10/turn               (no ring)

@: no status effects
A: beak, talons 3
a: no special abilities


You were on level 1 of the Dungeon.
You visited 1 branch of the dungeon, and saw 1 of its levels.

You collected 22 gold pieces.

Inventory:

Hand Weapons
 a - a +0 falchion (weapon)
Missiles
 d - 7 boomerangs of dispersal
Armour
 b - a +0 leather armour (worn)
Scrolls
 c - a scroll of blinking
 e - a scroll of teleportation {unknown}
 f - a scroll of amnesia {unknown}
 g - a scroll of fear {unknown}


   Skills:
 + Level 2.1 Fighting
 * Level 2.6 Long Blades
 + Level 1.3 Throwing
 - Level 1.1 Armour
 - Level 2.1 Dodging
 - Level 2.0 Spellcasting
 - Level 2.4 Translocations


You had 5 spell levels left.
You didn't know any spells.
Your spell library contained the following spells:

 Spells                   Type           Power      Damage    Failure   Level
 Blink                    Tloc           14%        N/A       19%         2
 Gell's Gravitas          Tloc           7%         N/A       36%         3
 Lesser Beckoning         Tloc           7%         N/A       36%         3
 Teleport Other           Tloc           7%         N/A       36%         3
 Manifold Assault         Tloc           7%         N/A       98%         5


Dungeon Overview and Level Annotations

Branches:
Dungeon (1/15)

Altars:


Innate Abilities, Weirdness & Mutations

You have a beak for a mouth.
You have claws for feet.


Message History

The ball python constricts you. The ball python barely misses you.
The ball python constricts you.
You hit the ball python.
You kill the ball python!
You slash the ball python!
You kill the ball python!
No target in view!
No target in view!
No target in view!
f - a scroll labelled KAOPUOGAEHI
g - a scroll labelled FANACU BUCHY A dart slug comes into view.
Found an escape hatch in the floor.
You see here 10 gold pieces.
An endoplasm comes into view.
Found 11 gold pieces.
The dart slug briefly extends its eye-stalks.
The dart slug bites you.
You completely miss the dart slug. You claw the dart slug.
The dart slug is moderately wounded.
The dart slug closely misses you.
You hit the dart slug. You peck the dart slug.
The dart slug is almost dead.
The endoplasm freezes you.
You are frozen.
The endoplasm freezes you.
You are frozen.
The dart slug launches a dart at you. The slug dart misses you.
You hit the dart slug.
You kill the dart slug!
The endoplasm freezes you.
You are frozen.
* * * LOW HITPOINT WARNING * * *
You have reached level 2!
You hit the endoplasm.
You claw the endoplasm, but do no damage.
The endoplasm is heavily wounded.
The endoplasm hits you.
You die...

....#. ..... #..#.
♣≈≈.. ### #..#.
≈≈..##.$ #....
♣≈.....##########..#.
#...>.... #....##..##
#.....# #.##.##..#
#.J...# #.##.....#
#..@..# #.#####..#
#.....# #.....#..##
#.....# #####.##.##
#.....# #.##.#.
##..$.# #####.# .#.
#....# .#.....# .#.
#....##.#.##### .## #
#.......#.# #
#.#.....###.#


You could see an endoplasm.

Vanquished Creatures
  A dart slug (D:1)
  2 ball pythons (D:1)
  A goblin (D:1)
  A bat (D:1)
  A frilled lizard (D:1)
6 creatures vanquished.

Notes
Turn   | Place    | Note
-------+----------+-------------------------------------------
     0 | D:1      | Ordine the Tengu Warper began the quest for the Orb.
     0 | D:1      | Reached XP level 1. HP: 12/12 MP: 4/4
    94 | D:1      | Reached XP level 2. HP: 2/17 MP: 6/6
    94 | D:1      | Slain by an endoplasm

Illustrated notes

Levels and vault maps discovered:
D:1:      dpeg_arrival_water_temple_mockup, layout_basic,
          ebering_ecumenical_altar_box, amcnicky_mini_pool_small,
          hangedman_decor_clover_reticule, serial_bayou_pond_e

Action                   || total
-------------------------++-------
Melee: Falchion          ||    12
       Kick              ||     2
       Peck              ||     1
 Stab: Sleeping          ||     1
Armor: Leather armour    ||     2
Dodge: Dodged            ||     5

Table legend: (Time is in decaauts)
 A = Elapsed time spent in this place.
 B = Non-inter-level travel time spent in this place.
 C = Inter-level travel time spent in this place.
 D = Time resting spent in this place.
 E = Time spent auto-exploring this place.
 F = Levels seen in this place.
 G = Mean time per level.
                   A        B        C        D        E       F      G
               +--------+--------+--------+--------+--------+-----+--------+
         Total |     96 |     96 |      0 |      0 |     66 |   1 |   96.0 |
       Dungeon |     96 |     96 |      0 |      0 |     66 |   1 |   96.0 |
               +--------+--------+--------+--------+--------+-----+--------+

Top non-repeatable levels by time:
     D:1: 96 daAuts
